 Dungeon Crawl Stone Soup version 0.28.0 (webtiles) character file.

Game seed: 3849762263458973311

46 danielguo94 the Skirmisher (level 3, -2/23 HPs)
             Began as a Gargoyle Fighter on Feb 6, 2022.
             Killed from afar by an orc wizard (6 damage)
             ... with a magic dart
             ... on level 3 of the Dungeon.
             The game lasted 00:01:42 (2553 turns).

danielguo94 the Skirmisher (Gargoyle Fighter)       Turns: 2553, Time: 00:01:43

Health: -2/23      AC: 12    Str: 21    XL:     3   Next: 66%
Magic:  3/3        EV:  7    Int:  8    God:
Gold:   104        SH:  0    Dex:  9    Spells: 2/2 levels left

rFire   . . .      SeeInvis .   a - +0 flail
rCold   . . .      Faith    .   c - +0 buckler
rNeg    + . .      Spirit   .   l - +0 chain mail
rPois   ∞          Reflect  .   (no helmet)
rElec   +          Harm     .   (no cloak)
rCorr   .          Rampage  .   (no gloves)
Will    .....                   (no boots)
Stlth   ..........              (no amulet)
HPRegen 0.07/turn               (no ring)
MPRegen 0.08/turn               (no ring)

@: confused
A: sickness immunity, AC +3, negative energy resistance 1, electricity
resistance, torment resistance 1, petrification resistance
a: no special abilities


You were on level 3 of the Dungeon.
You visited 1 branch of the dungeon, and saw 4 of its levels.

You collected 104 gold pieces.

Inventory:

Hand Weapons
 a - a +0 flail (weapon)
Missiles
 h - 94 stones (quivered)
 k - 4 poisoned darts
Armour
 c - a +0 buckler (worn)
 l - a +0 chain mail (worn)
Scrolls
 b - a scroll of teleportation
 j - a scroll of blinking {unknown}
 m - a scroll of amnesia {unknown}
 o - a scroll of torment {unknown}
Potions
 d - a potion of might
 e - a potion of brilliance {unknown}
 f - a potion of mutation {unknown}
 g - 2 potions of heal wounds
 n - a potion of flight {unknown}


   Skills:
 + Level 3.6 Fighting
 * Level 3.0 Maces & Flails
 + Level 3.6 Armour
 + Level 0.6 Dodging
 + Level 3.5 Shields


You had 2 spell levels left.
You didn't know any spells.
Your spell library contained the following spells:

 Spells                   Type           Power      Damage    Failure   Level
 Blink                    Tloc           0%         N/A       100%        2
 Lesser Beckoning         Tloc           0%         N/A       100%        3
 Manifold Assault         Tloc           0%         N/A       100%        5


Dungeon Overview and Level Annotations

Branches:
Dungeon (4/15)
 Temple: D:4-7

Altars:

Annotations:
D:2 1 runed translucent door, Crazy Yiuf


Innate Abilities, Weirdness & Mutations

You are immune to sickness and miasma.
Your stone body is resilient. (AC +3)
You are immune to poison.
You resist negative energy. (rN+)
You are resistant to electric shocks. (rElec)
You are resistant to unholy torment.
You are immune to petrification.


Message History

You hear some strange, mumbled words.
A puff of flame appears from out of thin air!
The puff of flame hits you.
You barely miss something. Something hits you.
You closely miss something.
Something hits you but does no damage. x2
You hit something. Something hits you.
You miss something.
You hear some strange, mumbled words.
Something tries to affect you, but you resist.
Something hits you but does no damage.
You hit something. Something hits you but does no damage.
You hit something but do no damage. Something hits you but does no damage.
You hit something but do no damage. Something completely misses you.
You miss something. Something hits you but does no damage. Something hits you.
You closely miss something. Something hits you.
* * * LOW HITPOINT WARNING * * *
You hit something.
You hear some strange, mumbled words.
You are confused.
You bump into the rock wall.
You hear some strange, mumbled words.
A puff of flame appears from out of thin air!
The puff of flame hits you but does no damage.
You bump into the rock wall.
You hear some strange, mumbled words.
You are more confused.
You completely miss something.
Something hits you but does no damage. x2
You miss something.
You hear some strange, mumbled words.
A magic dart appears from out of thin air!
The magic dart hits you.
* * * LOW HITPOINT WARNING * * *
You miss something. Something hits you but does no damage.
You bump into the rock wall.
Something hits you but does no damage.
You completely miss something. Something hits you but does no damage.
You miss something.
You hear some strange, mumbled words.
A magic dart appears from out of thin air!
The magic dart hits you.
You die...

#.>....# ### ##########.####.#
#####.### ........##.####.##
#........ .....##.#........#
#.###.### ..............#..# #.#
### .#......#..##.#..# #.#
.##...#.#..##.#..# #.#
........#.......{# #.#
####.####.######@# ####.#### #.#
#.# #.# #.......# ##'##
#.######.# #.##.##.#
##...###........# #.##.##.#
##.....#########.#####.##....#
#.......## ##.......#.####..##
.........####....###.#.####...###
..[......'.......................
.........####.....##.######...###


There were no monsters in sight!

Vanquished Creatures
  An adder (D:2)
  A worm (D:3)
  2 orcs
  4 ball pythons
  2 endoplasms
  4 giant cockroaches
  3 hobgoblins
  A quokka (D:1)
  4 bats
  4 frilled lizards
  A goblin (D:3)
  A kobold (D:2)
  3 rats (D:1)
31 creatures vanquished.

Notes
Turn   | Place    | Note
-------+----------+-------------------------------------------
     0 | D:1      | danielguo94 the Gargoyle Fighter began the quest for the
                  | Orb.
     0 | D:1      | Reached XP level 1. HP: 14/14 MP: 1/1
    92 | D:1      | Reached XP level 2. HP: 16/19 MP: 2/2
  1143 | D:2      | Reached XP level 3. HP: 19/23 MP: 3/3
  1293 | D:2      | Found a faded altar of an unknown god.
  1560 | D:2      | Found a runed translucent door.
  1561 | D:2      | Noticed Crazy Yiuf
  2553 | D:3      | Killed from afar by an orc wizard

Illustrated notes

Levels and vault maps discovered:
D:1:      erik_arrival_triangle_medium, layout_basic,
          wad_floor_pattern_untrapped
D:2:      layout_loops_corners, ebering_ecumenical_altar_sacrificial,
          uniq_crazy_yiuf_cottage
D:3:      layout_loops_corners
D:4:      layout_cave_pods, gup_sewer_entry_bubbles, kennysheep_generic_room_14

Skill      XL: |  1  2  3 |
---------------+----------+-----
Maces & Flails | 3 |  3.0
Fighting       | |  3.6
Armour         | |  3.6
Dodging        | |  0.6
Shields        | |  3.5

Action                   || total
-------------------------++-------
Melee: Flail             ||   153
  Use: Scroll            ||     2
Armor: Scale mail        ||    66
       Chain mail        ||    46
Dodge: Dodged            ||    73
Block: Buckler           ||    33
